 Dungeon Crawl Stone Soup version 0.26-a0-664-gc8b27b8 (webtiles) character file.

Game seed: 16503540501013818826

34 Mopster the Chopper (level 3, 0/33 HPs)
             Began as a Minotaur Berserker on Oct 12, 2020.
             Was a Follower of Trog.
             Slain by an adder (4 damage)
             ... on level 2 of the Dungeon.
             The game lasted 00:01:33 (351 turns).

Mopster the Chopper (Minotaur Berserker)             Turns: 351, Time: 00:01:34

Health: 0/33       AC:  2    Str: 22    XL:     3   Next: 14%
Magic:  2/2        EV: 12    Int:  4    God:    Trog [*.....]
Gold:   41         SH:  0    Dex:  9    Spells: 2/2 levels left

rFire    . . .     SeeInvis .   a - +0 hand axe
rCold    . . .     Faith    .   (no shield)
rNeg     . . .     Spirit   .   b - +0 animal skin
rPois    .         Reflect  .   (helmet restricted)
rElec    .         Harm     .   (no cloak)
rCorr    .         Rampage  .   (no gloves)
MR       .....                  (no boots)
Stlth    +.........             (no amulet)
HPRegen  0.11/turn              (no ring)
MPRegen  0.08/turn              (no ring)

@: lethally poisoned (0 -> -7)
A: retaliatory headbutt, horns 2
a: Berserk, Renounce Religion


You were on level 2 of the Dungeon.
You worshipped Trog.
Trog was aware of your devotion.
You visited 1 branch of the dungeon, and saw 2 of its levels.

You collected 41 gold pieces.

Inventory:

Hand Weapons
 a - a +0 hand axe (weapon)
Armour
 b - a +0 animal skin (worn)
Scrolls
 c - 2 scrolls of blinking {unknown}
 d - a scroll of remove curse {unknown}
 e - a scroll of identify {unknown}


   Skills:
 + Level 4.1 Fighting
 + Level 4.1 Axes
 * Level 2.7 Armour
 * Level 2.8 Dodging


You had 2 spell levels left.
You didn't know any spells.
Your spell library was empty.

Dungeon Overview and Level Annotations

Branches:
Dungeon (2/15)

Altars:


Innate Abilities, Weirdness & Mutations

You reflexively headbutt those who attack you in melee.
You have a pair of horns on your head.


Message History

You feel sick. The adder barely misses you.
You barely miss the adder.
You feel sick. The adder bites you.
* * * LOW HITPOINT WARNING * * *
The adder bites you.
* * * LOW HITPOINT WARNING * * *
The kobold shouts!
You hit the adder but do no damage. Your headbutt misses the adder.
You hit the kobold.
You kill the kobold!
Trog accepts your kill.
* * * LOW HITPOINT WARNING * * *
You feel sick.
You hear a shout!
The adder bites you.
* * * LOW HITPOINT WARNING * * *
You slash the adder!
The adder is almost dead.
* * * LOW HITPOINT WARNING * * *
You feel sick. The adder bites you.
You die...

...# #. ...# #.
....# #.. <..
#... ... ##...##
###.#
.......##.S.#
.....#...@..#
#......)##......
######......##>.
...#.####
##.##..# #. #...
K. .... ...
..... #... .....


You could see an adder and a kobold.

Vanquished Creatures
  A worker ant (D:2)
  A dart slug (D:1)
  A leopard gecko (D:1)
  2 goblins
  A jackal (D:1)
  A kobold (D:2)
  2 rats
9 creatures vanquished.

Vanquished Creatures (others)
  A kobold (D:1)
1 creature vanquished.

Grand Total: 10 creatures vanquished

Notes
Turn   | Place    | Note
-------+----------+-------------------------------------------
     0 | D:1      | Mopster the Minotaur Berserker began the quest for the Orb.
     0 | D:1      | Reached XP level 1. HP: 19/19 MP: 0/0
   340 | D:1      | Reached XP level 2. HP: 27/27 MP: 1/1
   341 | D:1      | You fall into a shaft and drop 1 floor!
   345 | D:2      | Reached XP level 3. HP: 18/33 MP: 2/2
   351 | D:2      | Slain by an adder

Illustrated notes

Levels and vault maps discovered:
D:1:      minmay_arrival_shattered_statue, layout_basic,
          serial_co_window_serial, co_window_corner_a,
          co_window_of_opportunity_a, co_window_paths_a,
          co_window_of_opportunity_a, co_window_corner_a, co_window_broadway_a,
          co_window_broadway_a, co_window_cross_2, co_window_corner_cb,
          co_window_unsneaky_path_c, co_window_paths_e, glass_columns_a,
          glass_columns_a, glass_columns_a, glass_columns_b,
          lemuel_another_geyser
D:2:      layout_rooms

Skill      XL: |  1  2 |
---------------+-------+-----
Fighting       | 4 |  4.1
Axes           | 4 |  4.1
Armour         | |  2.7
Dodging        | |  2.8

Action                   || total
-------------------------++-------
Melee: Hand axe          ||    18
       Headbutt          ||     1
Dodge: Dodged            ||     9

Table legend: (Time is in decaauts)
 A = Elapsed time spent in this place.
 B = Non-inter-level travel time spent in this place.
 C = Inter-level travel time spent in this place.
 D = Time resting spent in this place.
 E = Time spent auto-exploring this place.
 F = Levels seen in this place.
 G = Mean time per level.
                   A        B        C        D        E       F      G
               +--------+--------+--------+--------+--------+-----+--------+
         Total |    352 |    338 |     14 |      0 |    290 |   2 |  176.0 |
       Dungeon |    352 |    338 |     14 |      0 |    290 |   2 |  176.0 |
               +--------+--------+--------+--------+--------+-----+--------+

Top non-repeatable levels by time:
     D:1: 342 daAuts
     D:2: 10 daAuts
